 Dungeon Crawl Stone Soup version 0.31.0-32-g396128a36d (webtiles) character file.

Game seed: 9912222499337976531

75 Alphaeus the Ruffian (level 4, -1/41 HPs)
             Began as a Troll Shapeshifter on Mar 18, 2024.
             Slain by a gnoll
             ... wielding a +0 club
              (6 damage)
             ... on level 2 of the Dungeon.
             The game lasted 00:01:17 (1165 turns).

Alphaeus the Ruffian (Troll Shapeshifter)           Turns: 1165, Time: 00:01:17

Health: -1/41      AC:  4    Str: 24    XL:     4   Next: 11%
Magic:  3/3        EV:  9    Int:  6    God:
Gold:   71         SH:  0    Dex:  9    Spells: 3/3 levels left

rFire   . .          .
                       - Unarmed
rCold   . . .        (no shield)
rNeg    . . .        a - +0 animal skin
rPois   .            (helmet currently unavailable)
rElec   .            (cloak currently unavailable)
rCorr   .            (gloves unavailable)
SInv    .            (boots unavailable)
Will    .....        (no amulet)
Stlth   +            (no ring)
HPRegen 1.06/turn    (no ring)
MPRegen 0.08/turn

%: no passive effects
@: beast-form
A: beast (slay +2), large, unfitting armour, claws 3, regeneration 1, shaggy fur
1, tough skin 1
a: Begin Untransformation


You were on level 2 of the Dungeon.
You were a hulking beast.
You visited 1 branch of the dungeon, and saw 2 of its levels.

You collected 71 gold pieces.

Inventory:

Armour
 a - a +0 animal skin (worn)
Talismans
 c - a beast talisman
 d - a flux talisman
 g - a serpent talisman
Scrolls
 e - a scroll of identify {unknown}
 j - a scroll of immolation {unknown}
 k - a scroll of enchant armour {unknown}
 l - a scroll of vulnerability {unknown}
 m - a scroll of poison {unknown}
Potions
 b - a potion of lignification
 f - a potion of curing
 h - a potion of enlightenment {unknown}
 i - a potion of mutation {unknown}
 n - a potion of might {unknown}


   Skills:
 + Level 1.5 Fighting
 - Level 1.5 Dodging
 * Level 3.9 Unarmed Combat
 * Level 3.7 Shapeshifting


You had 3 spell levels left.
You didn't know any spells.
Your spell library was empty.

Dungeon Overview and Level Annotations

Branches:
Dungeon (2/15)

Altars:


Innate Abilities, Weirdness & Mutations

You are a hulking beast.
Your limbs bulge with bestial killing power. (Slay +2)
You are too large for most types of armour.
You have claws for hands.
Your natural rate of healing is unusually fast.
You are covered in fur. (AC +1)
You have tough skin. (AC +1)


Message History

The gnoll hits you from afar with a +0 spear of freezing.
The gnoll freezes you.
The gnoll hits you with a +0 halberd of protection.
* * * LOW HITPOINT WARNING * * *
You scratch the gnoll.
You kill the gnoll!
The gnoll hits you from afar with a +0 spear of freezing.
* * * LOW HITPOINT WARNING * * *
The gnoll freezes you.
* * * LOW HITPOINT WARNING * * *
You have reached level 4!
It was a potion of curing.
You feel better.
The gnoll hits you from afar with a +0 spear of freezing.
The gnoll freezes you. The frilled lizard bites you.
A kobold comes into view. It is wielding a +0 dagger.
A ball python comes into view.
You closely miss the gnoll. The gnoll completely misses you.
The frilled lizard closely misses you. The gnoll hits you with a +0 club.
The ball python hisses angrily.
You scratch the gnoll.
The gnoll is heavily wounded.
The gnoll closely misses you.
The frilled lizard bites you but does no damage.
The gnoll hits you with a +0 club.
* * * LOW HITPOINT WARNING * * *
You barely miss the gnoll.
The gnoll is heavily wounded.
The frilled lizard bites you but does no damage.
The gnoll closely misses you. The gnoll hits you with a +0 club.
* * * LOW HITPOINT WARNING * * *
You scratch the gnoll but do no damage.
The gnoll is heavily wounded.
The frilled lizard bites you.
* * * LOW HITPOINT WARNING * * *
The gnoll hits you from afar with a +0 spear of freezing.
* * * LOW HITPOINT WARNING * * *
The gnoll freezes you.
* * * LOW HITPOINT WARNING * * *
The gnoll hits you with a +0 club.
You die...

#... ...##.. ####.##
##.. ....... #.........#
#.. ........ #.........#
#.# ........##.........#
#.# ....K..............#
#.. ....Sg. #..........#
### .......###........#
......lh..........#
......g.....†.....######
..........##'#####......
#####....[##..####......
#.:...###....#......
#.....# ####.#......
#.....# #........
#.....# ####...## #.....
#...##


You could see 2 gnolls, a ball python, a kobold and a frilled lizard.

Vanquished Creatures
  A gnoll (D:2)
  2 adders (D:2)
  A dart slug (D:1)
  5 bats
  4 endoplasms
  A giant cockroach (D:2)
  6 goblins
  4 hobgoblins (D:1)
  2 jackals (D:1)
  2 quokkas (D:1)
  4 ball pythons
  3 frilled lizards (D:1)
  4 kobolds
  5 rats
44 creatures vanquished.

Notes
Turn   | Place    | Note
-------+----------+-------------------------------------------
     0 | D:1      | Alphaeus the Troll Shapeshifter began the quest for the
                  | Orb.
     0 | D:1      | Reached XP level 1. HP: 18/18 MP: 0/0
   140 | D:1      | Reached skill level 1 in Fighting
   215 | D:1      | Reached XP level 2. HP: 27/27 MP: 1/1
   550 | D:1      | Reached XP level 3. HP: 33/33 MP: 2/2
  1161 | D:2      | Reached XP level 4. HP: 8/41 MP: 3/3
  1165 | D:2      | Slain by a gnoll

Illustrated notes

Levels and vault maps discovered:
D:1:      evilmike_arrival_rings, layout_basic, minmay_indecisive_spiral
D:2:      layout_basic, nicolae_ecumenical_snake_handling, grunt_decor_cap,
          kennysheep_generic_room_13

Skill      XL: |  1 |
---------------+----+-----
Fighting       | 1 |  1.5
Dodging        | |  1.5
Unarmed Combat | |  3.9
Shapeshifting  | |  3.7

Action                     |  1- 3 |  4- 6 || total
---------------------------+-------+-------++-------
  Melee: Unarmed           |    93 |     4 ||    97
         Punch             |     1 |       ||     1
    Use: Potion            |       |     1 ||     1
   Stab: Sleeping          |     1 |       ||     1
 Armour: Animal skin       |    54 |    10 ||    64
  Dodge: Dodged            |    52 |     4 ||    56
